 Dungeon Crawl Stone Soup version 0.29-a0-91-gdebf4667c2 (webtiles) character file.

Game seed: 16824462500981953075

256 Dordric the Slasher (level 6, -4/48 HPs)
             Began as a Barachi Fighter on Feb 8, 2022.
             Was a Believer of Sif Muna.
             Slain by an ogre (26 damage)
             ... on level 4 of the Dungeon.
             The game lasted 00:03:27 (3657 turns).

Dordric the Slasher (Barachi Fighter)               Turns: 3657, Time: 00:03:28

Health: -4/48      AC:  6    Str: 21    XL:     6   Next: 16%
Magic:  6/6        EV: 10    Int:  9    God:    Sif Muna [**....]
Gold:   193        SH:  0    Dex: 11    Spells: 5/5 levels left

rFire   . . .      SeeInvis .   a - +0 long sword
rCold   . . .      Faith    .   q - orb {*Rage}
rNeg    . . .      Spirit   .   k - +1 ring mail "Zyexzo" {Regen+ Str+2}
rPois   .          Reflect  .   (no helmet)
rElec   .          Harm     .   (no cloak)
rCorr   .          Rampage  .   (no gloves)
Will    .....      Rage     20% (no boots)
Stlth   +.........              (no amulet)
HPRegen 0.96/turn               (no ring)
MPRegen 0.10/turn               (no ring)

@: on berserk cooldown, slowed, very slow
A: amphibious, slowness 1, strong legs 1, +LOS
a: Hop, Renounce Religion, Channel Magic


You were on level 4 of the Dungeon.
You worshipped Sif Muna.
Sif Muna was pleased with you.
You visited 1 branch of the dungeon, and saw 4 of its levels.

You collected 193 gold pieces.

Inventory:

Hand Weapons
 a - a +0 long sword (weapon)
Armour
 b - a +0 scale mail
 c - a +0 buckler
 k - the +1 ring mail "Zyexzo" (worn) {Regen+ Str+2}
   (You found it on level 2 of the Dungeon)

   Str:       It affects your strength (+2).
   Regen:     It increases your rate of health regeneration.
 l - a +0 plate armour
 q - an orb of wrath (worn)
Scrolls
 f - 3 scrolls of teleportation {unknown}
 g - a scroll of immolation {unknown}
 j - 2 scrolls of summoning {unknown}
 m - a scroll of enchant armour {unknown}
 n - 3 scrolls of identify {unknown}
 o - a scroll of brand weapon {unknown}
 p - a scroll of vulnerability {unknown}
Potions
 d - a potion of might
 e - 2 potions of lignification {unknown}
 h - 3 potions of haste {unknown}
 i - 3 potions of curing {unknown}


   Skills:
 - Level 3.7 Fighting
 + Level 7.4 Long Blades
 - Level 3.7 Armour
 - Level 3.3 Shields


You had 5 spell levels left.
You didn't know any spells.
Your spell library contained the following spells:

 Spells                   Type           Power      Damage    Failure   Level
 Airstrike                Air            0%         N/A       100%        4
 Summon Lightning Spire   Summ/Air       0%         N/A       100%        4
 Lightning Bolt           Conj/Air       0%         1d11      100%        5
 Summon Forest            Summ/Tloc      0%         N/A       100%        5
 Summon Mana Viper        Hex/Summ       0%         N/A       100%        5
 Summon Cactus Giant      Summ           0%         N/A       100%        6


Dungeon Overview and Level Annotations

Branches:
Dungeon (4/15)
 Temple: D:4-7

Altars:
Sif Muna


Innate Abilities, Weirdness & Mutations

You are amphibious.
You cover ground slowly.
You can hop short distances.
You have an extended range of vision and can be seen from far away.


Message History

No target in view!
No target in view!
No target in view!
No target in view!
Calm down first, please.
Calm down first, please.
You feel a strong urge to attack something.
You feel your anger nearly subside.
You are no longer berserk.
You are exhausted.
You feel yourself slow down.
HP restored.
You now have 193 gold pieces (gained 16).
An ogre comes into view. It is wielding a +0 giant club.
An ogre is nearby!
An ogre is nearby!
An ogre is nearby!
The ogre shouts!
You hit the ogre.
The ogre is moderately wounded.
The ogre hits you with a +0 giant club!!
Ouch! That really hurt!
You are too injured to fight recklessly!
You are too injured to fight recklessly!
You are too injured to fight recklessly!
You are too injured to fight recklessly!
You are too injured to fight recklessly!
You are too injured to fight recklessly!
You are too injured to fight recklessly!
You are too injured to fight recklessly!
You are too injured to fight recklessly!
You are too injured to fight recklessly!
You are too injured to fight recklessly!
You are too injured to fight recklessly!
You are too injured to fight recklessly!
You are too injured to fight recklessly!
You slash the ogre!
The ogre is heavily wounded.
The ogre hits you with a +0 giant club!!
Ouch! That really hurt!
You die...

.#. . ... ...##.
$.... .....
.....# ....##
##.....# ##....
##(.# ... .....
##...##.# ##...
##...##..#
#....###.....O..#
#..<.......@.#
##..[.......##
#.#........##
###.........#
###...##.##
#...#### ##.##
###


You could see an ogre.

Vanquished Creatures
  A kobold brigand (D:1)
  An orc priest (D:3)
  An orc wizard (D:3)
  A gnoll (D:1)
  3 adders
  An ufetubus (D:4)
  A worm (D:2)
  3 dart slugs
  6 orcs (D:3)
  5 endoplasms
  4 giant cockroaches
  3 goblins
  6 hobgoblins
  4 jackals (D:1)
  10 quokkas
  5 ball pythons
  5 bats
  3 frilled lizards
  9 kobolds
  5 rats
77 creatures vanquished.

Notes
Turn   | Place    | Note
-------+----------+-------------------------------------------
     0 | D:1      | Dordric the Barachi Fighter began the quest for the Orb.
     0 | D:1      | Reached XP level 1. HP: 18/18 MP: 1/1
   257 | D:1      | Reached XP level 2. HP: 20/25 MP: 2/2
   271 | D:1      | Reached skill level 3 in Long Blades
   578 | D:1      | Reached skill level 4 in Long Blades
   578 | D:1      | Reached XP level 3. HP: 17/30 MP: 3/3
   797 | D:1      | Found a faded altar of an unknown god.
   934 | D:1      | Prayed at the altar of an unknown god.
   934 | D:1      | Became a worshipper of Sif Muna the Loreminder
   934 | D:1      | Reached * piety under Sif Muna
  1526 | D:2      | Reached XP level 4. HP: 37/37 MP: 4/4
  1562 | D:2      | Identified the +1 ring mail "Zyexzo" {Regen+ Str+2}
  1622 | D:2      | Reached skill level 5 in Long Blades
  1676 | D:2      | Reached ** piety under Sif Muna
  1974 | D:3      | Noticed a kobold brigand
  2497 | D:1      | Killed a kobold brigand
  2498 | D:1      | Reached skill level 6 in Long Blades
  2498 | D:1      | Reached XP level 5. HP: 20/42 MP: 5/5
  3049 | D:3      | Reached skill level 7 in Long Blades
  3314 | D:3      | Reached XP level 6. HP: 48/48 MP: 6/6
  3657 | D:4      | Slain by an ogre

Illustrated notes

Levels and vault maps discovered:
D:1:      amcnicky_arrival_double_pillar, layout_loops_ring,
          hellmonk_ecumenical_altar_inner_sanctum, chequers_hall_statues_y
D:2:      layout_rooms
D:3:      cheibrodos_thug_alley, layout_basic, kennysheep_generic_room_12
D:4:      layout_cave_pools, grunt_ministairs_3, uniq_robin

Skill      XL: |  1  2  3  4  5 |
---------------+----------------+-----
Long Blades    | 4 6 7 |  7.4
Fighting       | |  3.7
Armour         | |  3.7
Shields        | |  3.3

Action                   |  1- 3 |  4- 6 || total
-------------------------+-------+-------++-------
Melee: Long sword        |   119 |   150 ||   269
 Abil: Hop               |     1 |     1 ||     2
Armor: Scale mail        |    52 |     8 ||    60
       Plate armour      |       |    82 ||    82
       Ring mail         |       |     9 ||     9
Dodge: Dodged            |    64 |    66 ||   130
Block: Buckler           |    28 |    33 ||    61

Table legend: (Time is in decaauts)
 A = Elapsed time spent in this place.
 B = Non-inter-level travel time spent in this place.
 C = Inter-level travel time spent in this place.
 D = Time resting spent in this place.
 E = Time spent auto-exploring this place.
 F = Levels seen in this place.
 G = Mean time per level.
                   A        B        C        D        E       F      G
               +--------+--------+--------+--------+--------+-----+--------+
         Total |   4062 |   3842 |    220 |      0 |   3182 |   4 | 1015.5 |
       Dungeon |   4062 |   3842 |    220 |      0 |   3182 |   4 | 1015.5 |
               +--------+--------+--------+--------+--------+-----+--------+

Top non-repeatable levels by time:
     D:1: 1722 daAuts
     D:3: 1159 daAuts
     D:2: 1137 daAuts
     D:4: 43 daAuts
